TOP OF THE 1ST |
Gulf Coast Turbeaus batting - Pitching for Olympia Ogres : LHP Hiang-ta Anderson
|
Pitching: LHP Hiang-ta Anderson
|
|
Batting: RHB Jae-keol Om
|
0-0: Called Strike 0-1: Ball 1-1: Ground out 5-3 (Groundball, 5, EV 84.4 MPH)
|
Batting: RHB Tim Wise
|
0-0: Called Strike 0-1: Ball 1-1: SOLO HOME RUN (Flyball, 7D, EV 95.0 MPH), Distance : 356 ft
|
Batting: RHB José Labandeira
|
0-0: Foul Ball, location: 2F 0-1: Ball 1-1: Foul Ball, location: 2F 1-2: SINGLE (Groundball, 6MD, EV 103.1 MPH)
|
Batting: SHB Alex Johnston
|
0-0: Ball 1-0: Ball 2-0: Ball 3-0: Swinging Strike 3-1: Base on Balls José Labandeira to second
|
Batting: LHB Gianni Fei
|
0-0: Ball 1-0: Called Strike 1-1: Fly out, F7 (Flyball, 7S, EV 96.9 MPH)
|
Batting: RHB Senzo Matsuura
|
0-0: Ball 1-0: Called Strike 1-1: Ball 2-1: Ground out 5-3 (Groundball, 56, EV 99.4 MPH)
|
Top of the 1st over - 1 run, 2 hits, 0 errors, 2 left on base; Gulf Coast 1 - Olympia 0 |
BOTTOM OF THE 1ST |
Olympia Ogres batting - Pitching for Gulf Coast Turbeaus : RHP Luis Barrios
|
Pitching: RHP Luis Barrios
|
|
Batting: RHB Seung-hun Kim
|
0-0: Ball 1-0: Ball 2-0: SINGLE (Flyball, 8LS, EV 88.8 MPH)
|
Batting: LHB Pedro Bravo
|
0-0: Called Strike 0-1: Grounds into double play, 4-6-3 (Groundball, 4, EV 81.9 MPH)
|
Batting: LHB Sang-chul Kwon
|
0-0: Called Strike 0-1: Called Strike 0-2: Ball 1-2: Foul Ball, location: 2F 1-2: Foul Ball, location: 2F 1-2: Foul Ball, location: 2F 1-2: Fly out, F7 (Flyball, 78XD, EV 90.6 MPH)
|
Bottom of the 1st over - 0 runs, 1 hit, 0 errors, 0 left on base; Gulf Coast 1 - Olympia 0 |
TOP OF THE 2ND |
Gulf Coast Turbeaus batting - Pitching for Olympia Ogres : LHP Hiang-ta Anderson
|
Batting: RHB Tadasu Sato
|
0-0: Called Strike 0-1: Called Strike 0-2: Ground out 6-3 (Groundball, 6, EV 100.6 MPH)
|
Batting: RHB Sung-jae Nam
|
0-0: Foul Ball, location: 2F 0-1: Ball 1-1: Foul Ball, location: 2F 1-2: Ball 2-2: Foul Ball, location: 2F 2-2: Ball 3-2: Base on Balls
|
Batting: LHB Mike Gill
|
0-0: Swinging Strike 0-1: Ball 1-1: Ball 2-1: Ball 3-1: Foul Ball, location: 2F 3-2: Base on Balls Sung-jae Nam to second
|
Batting: RHB Jae-keol Om
|
0-0: Ball 1-0: Ball 2-0: Ball 3-0: Base on Balls Sung-jae Nam to third Mike Gill to second
|
Batting: RHB Tim Wise
|
0-0: Called Strike 0-1: Swinging Strike 0-2: Ball 1-2: Ball 2-2: Fielders Choice at 2nd, 5-4 (Groundball, 56, EV 108.1 MPH) Sung-jae Nam scores Mike Gill to third
|
Batting: RHB José Labandeira
|
0-0: Ball 1-0: Ball 2-0: Ball 3-0: Called Strike 3-1: Base on Balls Tim Wise to second
|
Batting: SHB Alex Johnston
|
0-0: Ball 1-0: Ball 2-0: Called Strike 2-1: Ball 3-1: Base on Balls Mike Gill scores Tim Wise to third José Labandeira to second
|
Batting: LHB Gianni Fei
|
0-0: Called Strike 0-1: Ball Wild Pitch! Tim Wise scores José Labandeira to third Alex Johnston to second 1-1: Foul Ball, location: 2F 1-2: Foul Ball, location: 2F 1-2: Ball 2-2: Ground out 4-3 (Groundball, 34, EV 82.5 MPH)
|
Top of the 2nd over - 3 runs, 0 hits, 0 errors, 2 left on base; Gulf Coast 4 - Olympia 0 |
BOTTOM OF THE 2ND |
Olympia Ogres batting - Pitching for Gulf Coast Turbeaus : RHP Luis Barrios
|
Batting: RHB Tony Mendoza
|
0-0: Ball 1-0: Foul Ball, location: 2F 1-1: Fly out, F7 (Line Drive, 78M, EV 93.1 MPH)
|
Batting: LHB Ken'ichi Sato
|
0-0: Swinging Strike 0-1: Ball 1-1: Ground out 4-3 (Groundball, 4D, EV 99.4 MPH)
|
Batting: RHB Jon Himes
|
0-0: Ball 1-0: Ball 2-0: Fly out, F8 (Flyball, 8LD, EV 99.4 MPH)
|
Bottom of the 2nd over - 0 runs, 0 hits, 0 errors, 0 left on base; Gulf Coast 4 - Olympia 0 |
TOP OF THE 3RD |
Gulf Coast Turbeaus batting - Pitching for Olympia Ogres : LHP Hiang-ta Anderson
|
Batting: RHB Senzo Matsuura
|
0-0: Ball 1-0: Ball 2-0: Fly out, F9 (Flyball, 9LD, EV 106.2 MPH)
|
Batting: RHB Tadasu Sato
|
0-0: Ball 1-0: Ball 2-0: Fly out, F7 (Line Drive, 7, EV 88.1 MPH)
|
Batting: RHB Sung-jae Nam
|
0-0: Foul Ball, location: 2F 0-1: Called Strike 0-2: Ball 1-2: Ground out 6-3 (Groundball, 6, EV 98.1 MPH)
|
Top of the 3rd over - 0 runs, 0 hits, 0 errors, 0 left on base; Gulf Coast 4 - Olympia 0 |
BOTTOM OF THE 3RD |
Olympia Ogres batting - Pitching for Gulf Coast Turbeaus : RHP Luis Barrios
|
Batting: RHB Edgar Rodríguez
|
0-0: Called Strike 0-1: Ball 1-1: Foul Ball, location: 2F 1-2: Ground out 6-3 (Groundball, 6, EV 83.1 MPH)
|
Batting: RHB Jorge Villarreal
|
0-0: Ball 1-0: Swinging Strike 1-1: Called Strike 1-2: Strikes out looking
|
Batting: RHB Maurice Hinkle
|
0-0: Foul Ball, location: 2F 0-1: Ball 1-1: Ball 2-1: Ball 3-1: SINGLE (Line Drive, 89S, EV 108.8 MPH)
|
Batting: RHB Seung-hun Kim
|
0-0: Ball 1-0: Foul Ball, location: 2F 1-1: Called Strike 1-2: Strikes out swinging
|
Bottom of the 3rd over - 0 runs, 1 hit, 0 errors, 1 left on base; Gulf Coast 4 - Olympia 0 |
TOP OF THE 4TH |
Gulf Coast Turbeaus batting - Pitching for Olympia Ogres : LHP Hiang-ta Anderson
|
Batting: LHB Mike Gill
|
0-0: Called Strike 0-1: Ground out U3 (Groundball, 34, EV 102.5 MPH)
|
Batting: RHB Jae-keol Om
|
0-0: Called Strike 0-1: Ball 1-1: Called Strike 1-2: Foul Ball, location: 2F 1-2: Ground out 5-3 (Groundball, 5L, EV 90.0 MPH)
|
Batting: RHB Tim Wise
|
0-0: Ball 1-0: SINGLE (Groundball, 6MD, EV 97.5 MPH)
|
Batting: RHB José Labandeira
|
0-0: Ground out 4-3 (Groundball, 13, EV 81.9 MPH)
|
Top of the 4th over - 0 runs, 1 hit, 0 errors, 1 left on base; Gulf Coast 4 - Olympia 0 |
BOTTOM OF THE 4TH |
Olympia Ogres batting - Pitching for Gulf Coast Turbeaus : RHP Luis Barrios
|
Batting: LHB Pedro Bravo
|
0-0: Ball 1-0: Swinging Strike 1-1: Ground out 4-3 (Groundball, 4, EV 85.0 MPH)
|
Batting: LHB Sang-chul Kwon
|
0-0: Ball 1-0: Fly out, F7 (Flyball, 7LS, EV 91.9 MPH)
|
Batting: RHB Tony Mendoza
|
0-0: Ball 1-0: Ball 2-0: Foul Ball, location: 2F 2-1: Swinging Strike 2-2: Foul Ball, location: 2F 2-2: Ball 3-2: Ground out 5-3 (Groundball, 56, EV 89.4 MPH)
|
Bottom of the 4th over - 0 runs, 0 hits, 0 errors, 0 left on base; Gulf Coast 4 - Olympia 0 |
TOP OF THE 5TH |
Gulf Coast Turbeaus batting - Pitching for Olympia Ogres : LHP Hiang-ta Anderson
|
Batting: SHB Alex Johnston
|
0-0: Ball 1-0: Called Strike 1-1: Foul Ball, location: 2F 1-2: Ball 2-2: Strikes out swinging
|
Batting: LHB Gianni Fei
|
0-0: Called Strike 0-1: Swinging Strike 0-2: Ball 1-2: Foul Ball, location: 2F 1-2: Strikes out swinging, 2-3 out at first.
|
Batting: RHB Senzo Matsuura
|
0-0: Foul Ball, location: 2F 0-1: Ball 1-1: Ball 2-1: Foul Ball, location: 2F 2-2: Reached on error, E6 (Groundball, 6, EV 86.2 MPH)
|
Pitching: LHP Jorge Vázquez
|
|
Batting: RHB Tadasu Sato
|
0-0: Ball 1-0: DOUBLE (Line Drive, 78D, EV 105.6 MPH) Senzo Matsuura scores
|
Batting: RHB Sung-jae Nam
|
0-0: Ball 1-0: Fly out, F9 (Flyball, 89S, EV 90.0 MPH)
|
Top of the 5th over - 1 run, 1 hit, 1 error, 1 left on base; Gulf Coast 5 - Olympia 0 |
BOTTOM OF THE 5TH |
Olympia Ogres batting - Pitching for Gulf Coast Turbeaus : RHP Luis Barrios
|
Batting: LHB Ken'ichi Sato
|
0-0: Foul Ball, location: 2F 0-1: Called Strike 0-2: Ball 1-2: Strikes out looking
|
Batting: RHB Jon Himes
|
0-0: Foul Ball, location: 2F 0-1: SINGLE (Line Drive, 89M, EV 91.9 MPH)
|
Batting: RHB Edgar Rodríguez
|
0-0: Ball 1-0: Foul Ball, location: 2F 1-1: Called Strike 1-2: Grounds into double play, 5-4-3 (Groundball, 15, EV 84.4 MPH)
|
Bottom of the 5th over - 0 runs, 1 hit, 0 errors, 0 left on base; Gulf Coast 5 - Olympia 0 |
TOP OF THE 6TH |
Gulf Coast Turbeaus batting - Pitching for Olympia Ogres : LHP Jorge Vázquez
|
Batting: LHB Mike Gill
|
0-0: Foul Ball, location: 2F 0-1: Ball 1-1: Foul Ball, location: 2F 1-2: SINGLE (Line Drive, 9S, EV 110.6 MPH)
|
Batting: RHB Jae-keol Om
|
0-0: Grounds into double play, 6-4-3 (Groundball, 6, EV 104.4 MPH)
|
Batting: RHB Tim Wise
|
0-0: Fly out, F5 (Line Drive, 5, EV 61.2 MPH)
|
Top of the 6th over - 0 runs, 1 hit, 0 errors, 0 left on base; Gulf Coast 5 - Olympia 0 |
BOTTOM OF THE 6TH |
Olympia Ogres batting - Pitching for Gulf Coast Turbeaus : RHP Luis Barrios
|
Batting: RHB Jorge Villarreal
|
0-0: Ball 1-0: Foul Ball, location: 2F 1-1: Swinging Strike 1-2: Strikes out swinging
|
Batting: RHB Maurice Hinkle
|
0-0: Ball 1-0: Foul Ball, location: 2F 1-1: Ball 2-1: Ball 3-1: Called Strike 3-2: Ground out 5-3 (Groundball, 5L, EV 100.6 MPH)
|
Batting: RHB Seung-hun Kim
|
0-0: Ball 1-0: Ball 2-0: Called Strike 2-1: Ball 3-1: Swinging Strike 3-2: SINGLE (Flyball, 4MD, EV 92.5 MPH)
|
Batting: LHB Pedro Bravo
|
0-0: Ball 1-0: Called Strike Seung-hun Kim steals 2nd base (no throw) 1-1: Ball 2-1: Called Strike 2-2: Foul Ball, location: 2F 2-2: SINGLE (Line Drive, 9S, EV 95.6 MPH) Seung-hun Kim to third Runner from 3rd tries for Home, SAFE, throw by RF to home Pedro Bravo to second
|
Batting: LHB Sang-chul Kwon
|
0-0: Ball 1-0: Foul Ball, location: 2F 1-1: Ball 2-1: Ground out U3 (Groundball, 23, EV 86.9 MPH)
|
Bottom of the 6th over - 1 run, 2 hits, 0 errors, 1 left on base; Gulf Coast 5 - Olympia 1 |
TOP OF THE 7TH |
Gulf Coast Turbeaus batting - Pitching for Olympia Ogres : LHP Jorge Vázquez
|
Batting: RHB José Labandeira
|
0-0: Fly out, F8 (Flyball, 8RXD, EV 102.5 MPH)
|
Batting: SHB Alex Johnston
|
0-0: Ball 1-0: Ball 2-0: Ball 3-0: Base on Balls
|
Batting: LHB Gianni Fei
|
0-0: Called Strike 0-1: Ball 1-1: Ball 2-1: Ball 3-1: Foul Ball, location: 2F 3-2: Base on Balls Alex Johnston to second
|
Batting: RHB Senzo Matsuura
|
0-0: Called Strike 0-1: Fielders Choice at 2nd, 2-4 (Groundball, 2L, EV 66.9 MPH) Alex Johnston to third
|
Batting: RHB Tadasu Sato
|
0-0: Ball 1-0: Ball 2-0: Swinging Strike 2-1: DOUBLE (Groundball, 5L, EV 95.0 MPH) Alex Johnston scores Senzo Matsuura to third Runner from 3rd tries for Home, SAFE, throw by LF to trailing runner, OUT at third! 7-3-5
|
Top of the 7th over - 2 runs, 1 hit, 0 errors, 0 left on base; Gulf Coast 7 - Olympia 1 |
BOTTOM OF THE 7TH |
Olympia Ogres batting - Pitching for Gulf Coast Turbeaus : RHP Luis Barrios
|
Batting: RHB Tony Mendoza
|
0-0: Ball 1-0: Ball 2-0: Ball 3-0: Swinging Strike 3-1: Base on Balls
|
Batting: LHB Ken'ichi Sato
|
0-0: Fly out, F7 (Flyball, 7LM, EV 98.8 MPH)
|
Batting: RHB Jon Himes
|
0-0: Ball 1-0: Called Strike Tony Mendoza steals 2nd base 1-1: Foul Ball, location: 2F 1-2: Ball 2-2: Foul Ball, location: 2F 2-2: Fly out, F6 (Flyball, 56D, EV 86.9 MPH)
|
Pitching: RHP Kanne Kaspers
|
|
Batting: RHB Edgar Rodríguez
|
0-0: Called Strike 0-1: Ball 1-1: Ground out 6-3 (Groundball, 56, EV 98.8 MPH)
|
Bottom of the 7th over - 0 runs, 0 hits, 0 errors, 1 left on base; Gulf Coast 7 - Olympia 1 |
TOP OF THE 8TH |
Gulf Coast Turbeaus batting - Pitching for Olympia Ogres : LHP Jorge Vázquez
|
Batting: RHB Sung-jae Nam
|
0-0: Fly out, F7 (Line Drive, 7S, EV 88.1 MPH)
|
Batting: LHB Mike Gill
|
0-0: Ball 1-0: Called Strike 1-1: Ball 2-1: Ball 3-1: Foul Ball, location: 2F 3-2: Foul Ball, location: 2F 3-2: Foul Ball, location: 2F 3-2: Fly out, F7 (Flyball, 78M, EV 88.8 MPH)
|
Batting: RHB Jae-keol Om
|
0-0: Ball 1-0: Called Strike 1-1: Called Strike 1-2: Ground out 5-3 (Groundball, 56S, EV 76.9 MPH)
|
Top of the 8th over - 0 runs, 0 hits, 0 errors, 0 left on base; Gulf Coast 7 - Olympia 1 |
BOTTOM OF THE 8TH |
Olympia Ogres batting - Pitching for Gulf Coast Turbeaus : RHP Kanne Kaspers
|
Batting: RHB Jorge Villarreal
|
0-0: Ball 1-0: Foul Ball, location: 2F 1-1: Ground out 6-3 (Groundball, 6, EV 93.8 MPH)
|
Pinch Hitting: SHB Ramón Cervantes
|
0-0: Ball 1-0: SINGLE (Groundball, 4M, EV 105.0 MPH) (infield hit)
|
Batting: RHB Seung-hun Kim
|
0-0: Called Strike 0-1: Called Strike 0-2: Ball 1-2: Foul Ball, location: 2F 1-2: Strikes out looking and he ARGUES THE CALL AND IS TOSSED!
|
Batting: LHB Pedro Bravo
|
0-0: Foul Ball, location: 2F 0-1: Ball 1-1: Foul Ball, location: 2F 1-2: Foul Ball, location: 2F 1-2: Ball 2-2: Ball 3-2: Foul Ball, location: 2F 3-2: Ground out 4-3 (Groundball, 4, EV 90.0 MPH)
|
Bottom of the 8th over - 0 runs, 1 hit, 0 errors, 1 left on base; Gulf Coast 7 - Olympia 1 |
TOP OF THE 9TH |
Gulf Coast Turbeaus batting - Pitching for Olympia Ogres : LHP Jorge Vázquez
|
Now at 2B: José Morales
|
|
Now at SS: Joe Moore
|
|
Batting: RHB Tim Wise
|
0-0: DOUBLE (Flyball, 89XD, EV 113.1 MPH)
|
Batting: RHB José Labandeira
|
0-0: Foul Ball, location: 2F 0-1: Foul Ball, location: 2F 0-2: Ground out 5-3 (Groundball, 5S, EV 79.4 MPH)
|
Batting: SHB Alex Johnston
|
0-0: Called Strike 0-1: Ball 1-1: Ball 2-1: Ball 3-1: Called Strike 3-2: Strikes out swinging, 2-3 out at first.
|
Batting: LHB Gianni Fei
|
0-0: Foul Ball, location: 2F 0-1: Swinging Strike 0-2: Ball 1-2: Foul Ball, location: 2F 1-2: 2-RUN HOME RUN (Flyball, 9D, EV 93.1 MPH), Distance : 329 ft
|
Pinch Hitting: SHB Reynaldo Juárez
|
0-0: Ball 1-0: Ball 2-0: Called Strike 2-1: Ground out 6-3 (Groundball, 6, EV 91.9 MPH)
|
Top of the 9th over - 2 runs, 2 hits, 0 errors, 0 left on base; Gulf Coast 9 - Olympia 1 |
BOTTOM OF THE 9TH |
Olympia Ogres batting - Pitching for Gulf Coast Turbeaus : RHP Kanne Kaspers
|
Now in LF: Reynaldo Juárez
|
|
Batting: LHB Sang-chul Kwon
|
0-0: Foul Ball, location: 2F 0-1: Ball 1-1: Foul Ball, location: 2F 1-2: Ball 2-2: Foul Ball, location: 2F 2-2: Foul Ball, location: 2F 2-2: Ball 3-2: Base on Balls
|
Pinch Hitting: RHB António Sierra
|
0-0: Ball 1-0: Swinging Strike 1-1: Called Strike 1-2: SINGLE (Groundball, 4D, EV 101.9 MPH) Sang-chul Kwon to second
|
Pinch Hitting: RHB Erik Horne
|
0-0: Ball 1-0: Ball 2-0: Ball 3-0: Base on Balls Sang-chul Kwon to third António Sierra to second
|
Batting: RHB Jon Himes
|
0-0: Called Strike 0-1: Ball 1-1: Ball 2-1: Ball 3-1: Fly out, F8 (Flyball, 8RXD, EV 99.4 MPH) Runner from 3rd tags up, SCORES, no throw by CF
|
Batting: RHB Edgar Rodríguez
|
0-0: Ball 1-0: Fly out, F8 (Flyball, 78S, EV 78.8 MPH)
|
Batting: RHB Jorge Villarreal
|
0-0: Called Strike 0-1: Swinging Strike 0-2: Strikes out swinging
|
Bottom of the 9th over - 1 run, 1 hit, 0 errors, 2 left on base; Gulf Coast 9 - Olympia 2 |
|